 Dungeon Crawl Stone Soup version 0.24.0-13-gcf9b319 (webtiles) character file.

Game seed: 14954090774468291669, levelgen mode: deterministic

23762 Boetheseconed the Brawler (level 12, -8/111 HPs)
             Began as a Troll Monk on Dec 1, 2019.
             Was a High Priest of Yredelemnul.
             Shot with an arrow by a centaur warrior (12 damage)
             ... on level 11 of the Dungeon.
             The game lasted 00:59:46 (10533 turns).

Boetheseconed the Brawler (Troll Monk)             Turns: 10533, Time: 00:59:49

Health: -8/111     AC:  8    Str: 23    XL:     12   Next: 74%
Magic:  2/16       EV: 14    Int:  6    God:    Yredelemnul [*****.]
Gold:   1486       SH:  0    Dex: 15    Spells: 11/11 levels left

rFire    . . .     SeeInvis +     - Unarmed
rCold    . . .     Gourm    +   (no shield)
rNeg     . . .     Faith    +   l - +0 troll leather armour
rPois    .         Spirit   .   (helmet restricted)
rElec    .         Reflect  .   G - scarf {repulsion}
rCorr    .         Harm     .   (gloves unavailable)
MR       +....                  (boots unavailable)
Stlth    +++.......             H - amulet of faith
HPRegen  1.08/turn              B - ring of see invisible
MPRegen  0.15/turn              o - ring of protection from magic

@: repel missiles
A: large, unfitting armour, claws 3, fast metabolism 3, gourmand, regeneration
1, shaggy fur 1, tough skin 3
a: Recall Undead Slaves, Injury Mirror, Animate Dead, Drain Life, Enslave Soul,
Renounce Religion


You were on level 11 of the Dungeon.
You worshipped Yredelemnul.
Yredelemnul was extremely pleased with you.
You were not hungry.

You visited 5 branches of the dungeon, and saw 16 of its levels.

You collected 1556 gold pieces.
You spent 70 gold pieces at shops.

Inventory:

Hand Weapons
 q - a +0 giant club
 D - a +0 giant spiked club
Armour
 a - a +0 robe
 l - a +0 troll leather armour (worn)
 u - a +0 cloak
 G - a scarf of repulsion (worn)
Jewellery
 i - an uncursed ring of ice
 o - a ring of protection from magic (right claw)
 y - an uncursed ring of flight
 B - a ring of see invisible (left claw)
 C - a +4 amulet of reflection
 F - a +1 ring of slaying
 H - an amulet of faith (around neck)
 K - a +2 ring of intelligence
Wands
 w - a wand of flame (53)
 I - a wand of iceblast (11)
Scrolls
 c - 2 scrolls of random uselessness
 d - 6 scrolls of teleportation
 e - 3 scrolls of fog {unknown}
 f - 6 scrolls of identify
 h - 9 scrolls of remove curse {unknown}
 j - 2 scrolls of enchant weapon {unknown}
 m - 2 scrolls of fear {unknown}
 n - a scroll of magic mapping {unknown}
 t - 2 scrolls of blinking {unknown}
 z - a scroll of noise {unknown}
Potions
 g - 2 potions of brilliance {unknown}
 p - 3 potions of agility
 r - 4 potions of curing
 s - 2 potions of haste {unknown}
 v - 2 potions of degeneration {unknown}
 A - 2 potions of ambrosia {unknown}
 E - a potion of cancellation {unknown}
 J - a potion of flight {unknown}
Miscellaneous
 M - a sack of spiders
Comestibles
 b - 14 rations


   Skills:
 + Level 5.4 Fighting
 + Level 2.5 Armour
 + Level 7.9 Dodging
 + Level 4.5 Stealth
 + Level 15.0 Unarmed Combat
 + Level 7.1 Invocations
 + Level 0.2 Evocations


You had 11 spell levels left.
You didn't know any spells.
Your spell library contained the following spells:

 Spells                   Type           Power        Failure   Level  Hunger
 Animate Skeleton         Necr           N/A          50%         1    ##.....
 Apportation              Tloc           #.....       50%         1    ##.....
 Confusing Touch          Hex            #.....       50%         1    ##.....
 Summon Small Mammal      Summ           #...         50%         1    ##.....


Dungeon Overview and Level Annotations

Branches:
Dungeon (11/15)            Temple (1/1) D:5            Lair (1/6) D:8
    Orc (2/2) D:10            Elf (1/3) Orc:2

Altars:
Ashenzari
Cheibriados
Dithmenos
Elyvilon
Fedhas
Gozag
Hepliaklqana
Kikubaaqudgha
Makhleb
Nemelex Xobeh
Okawaru
Qazlal
Ru
Sif Muna
Trog
Uskayaw
Vehumet
Wu Jian
Xom
Yredelemnul
Zin
The Shining One

Shops:
D:8 !   Orc:2 [=:*


Innate Abilities, Weirdness & Mutations

You are too large for most types of armour.
You have claws for hands.
Your metabolism is lightning-fast.
You like to eat raw meat.
Your natural rate of healing is unusually fast.
You are covered in fur. (AC +1)
You have extremely tough skin. (AC +3)


Message History

Yredelemnul accepts your kill.
Your Unarmed Combat skill increases to level 15!
You are engulfed in blazing flames.
* * * LOW HITPOINT WARNING * * *
The centaur warrior's inner flame fades away.
The flying skull is engulfed in blazing flames.
The flying skull misses you.
The centaur warrior wields a +0 shortbow.
The centaur warrior shoots an arrow.
The arrow is repelled.
The vampire closely misses your soldier ant.
The vampire bites your soldier ant.
The flying skull is engulfed in blazing flames.
You destroy the flying skull!
That felt strangely unrewarding.
Your flying skull misses the vampire.
The flying skull is engulfed in blazing flames.
The flying skull hits you.
* * * LOW HITPOINT WARNING * * *
The centaur warrior shoots an arrow.
The arrow hits you!
You die...
Your body rises from the dead as a mindless zombie.

.... ....
#########.F.
#....z...c.#
#...zaV..#
#[...§H.#
#..Z§z..#
#...§§@.#
#########


You could see a centaur warrior, a hippogriff, a vampire, a bullfrog (inner
flame), a flying skull, a friendly soldier ant, 2 friendly flying skulls and a
friendly yak zombie.

Vanquished Creatures
  An ettin (Orc:2)
  Harold (D:10)
  An ogre mage (Orc:2)
  3 two-headed ogres
  An orc high priest (Orc:1)
  2 deep trolls (Orc:2)
  An unseen horror (D:9)
  A wizard (D:7)
  An orc sorcerer (Orc:2)
  2 cyclopes (Orc:2)
  2 spiny frogs (Lair:1)
  A tengu conjurer (D:10)
  5 trolls
  2 flying skulls (D:11)
  A spriggan (D:7)
  A steam dragon (D:10)
  10 yaks
  Eustachio (D:4)
  A warg (Orc:1)
  A two-headed ogre zombie (Orc:2)
  Edmund (D:5)
  2 water moccasins
  A porcupine (Lair:1)
  5 orc warriors
  3 ice beasts
  A necrophage (D:10)
  3 phantoms
  15 ogres
  6 wolves (Lair:1)
  5 centaurs
  A crocodile (Lair:1)
  4 bullfrogs
  2 gnoll sergeants
  3 scorpions
  A troll zombie (Orc:2)
  6 killer bees (D:11)
  3 wights (D:9)
  2 crimson imps
  A bullfrog zombie (D:6)
  A jelly (D:8)
  A quasit (D:11)
  4 hounds
  8 orc priests
  A bullfrog skeleton (D:11)
  11 orc wizards
  2 iguanas
  8 worker ants
  A killer bee zombie (D:10)
  2 ogre zombies (Orc:2)
  A mummy (D:8)
  3 hound skeletons
  5 hound zombies
  7 gnolls
  3 worker ant zombies
  6 adders
  An ooze (D:5)
  3 adder zombies
  3 worms
  A dart slug (D:1)
  3 leopard geckos
  38 orcs
  3 giant cockroaches (D:1)
  10 goblins
  9 hobgoblins
  13 jackals
  11 kobolds
  2 quokkas
  A ball python (D:3)
  A ball python zombie (D:4)
  9 bats
  5 frilled lizards
  A giant cockroach zombie (D:4)
  A jackal skeleton (D:4)
  2 jackal zombies
  A leopard gecko skeleton (D:4)
  2 quokka skeletons (D:4)
  9 rats
297 creatures vanquished.

Vanquished Creatures (collateral kills)
  An ogre mage (Orc:2)
  5 two-headed ogres (Orc:2)
  2 orc sorcerers (Orc:2)
  A cyclops (Orc:2)
  A spiny frog (Lair:1)
  A rime drake (Lair:1)
  A komodo dragon (Lair:1)
  7 trolls
  A hippogriff (Lair:1)
  7 yaks
  A wyvern (D:8)
  A hungry ghost (D:10)
  A warg (Orc:2)
  2 water moccasins (Lair:1)
  2 porcupines (Lair:1)
  5 orc warriors
  8 ogres (Orc:2)
  A phantom (D:5)
  2 bullfrogs
  A wyvern skeleton (D:10)
  A wight (D:9)
  3 crimson imps
  5 orc priests
  3 hounds
  A bullfrog skeleton (D:11)
  5 orc wizards
  A worker ant zombie (D:8)
  3 gnolls
  A shadow imp (D:9)
  A leopard gecko (D:8)
  15 orcs
  A ball python (D:5)
  A plant (Lair:1)
92 creatures vanquished.

Vanquished Creatures (others)
  7 flying skulls
  A vampire (Orc:2)
  2 deep troll zombies (Orc:2)
  A troll zombie (Orc:2)
  3 wights
  A wolf skeleton (Lair:1)
  A centaur skeleton (D:8)
  7 ogre zombies (Orc:2)
  An ogre skeleton (Orc:2)
  A mummy (Orc:2)
  A bat (D:2)
  6 orc skeletons
32 creatures vanquished.

Grand Total: 421 creatures vanquished

Notes
Turn   | Place    | Note
-------+----------+-------------------------------------------
     0 | D:1      | Boetheseconed the Troll Monk began the quest for the Orb.
     0 | D:1      | Reached XP level 1. HP: 22/22 MP: 0/0
   108 | D:1      | Reached XP level 2. HP: 29/29 MP: 1/1
   498 | D:1      | Reached XP level 3. HP: 36/36 MP: 2/2
  1311 | D:3      | Reached skill level 4 in Unarmed Combat
  1311 | D:3      | Reached XP level 4. HP: 44/44 MP: 3/3
  1405 | D:3      | Reached XP level 5. HP: 48/52 MP: 4/4
  1530 | D:3      | Noticed a phantom
  1541 | D:3      | Killed a phantom
  1541 | D:3      | Reached skill level 5 in Unarmed Combat
  1935 | D:4      | Reached XP level 6. HP: 55/59 MP: 5/5
  2069 | D:4      | Noticed Eustachio
  2080 | D:4      | Killed Eustachio
  2080 | D:4      | Reached skill level 6 in Unarmed Combat
  2080 | D:4      | Reached XP level 7. HP: 34/67 MP: 6/6
  2504 | D:5      | Entered Level 5 of the Dungeon
  2534 | D:5      | Found a staircase to the Ecumenical Temple.
  2558 | D:5      | Reached skill level 7 in Unarmed Combat
  2661 | Temple   | Entered the Ecumenical Temple
  2769 | Temple   | Became a worshipper of Yredelemnul the Dark
  2769 | Temple   | Reached * piety under Yredelemnul
  2769 | Temple   | Reached ** piety under Yredelemnul
  2838 | D:5      | Noticed Edmund
  2846 | D:5      | Killed Edmund
  2846 | D:5      | Reached XP level 8. HP: 75/75 MP: 5/7
  2856 | D:5      | Reached skill level 8 in Unarmed Combat
  3579 | D:6      | Reached skill level 1 in Invocations
  3684 | D:6      | Reached skill level 9 in Unarmed Combat
  4464 | D:7      | Reached skill level 5 in Dodging
  4644 | D:7      | Noticed a wizard
  4649 | D:7      | Paralysed by a wizard for 6 turns
  4689 | D:7      | Killed a wizard
  4689 | D:7      | Reached XP level 9. HP: 84/84 MP: 9/9
  4827 | D:7      | Reached skill level 10 in Unarmed Combat
  5205 | D:8      | Found Abemo's Distillery.
  5208 | D:8      | Bought a potion of heal wounds for 70 gold pieces
  5244 | D:8      | Reached *** piety under Yredelemnul
  5350 | D:8      | Found a snail-covered altar of Cheibriados.
  5459 | D:8      | Found a staircase to the Lair.
  5520 | D:8      | Reached skill level 11 in Unarmed Combat
  5646 | D:8      | Found a white marble altar of Elyvilon.
  5822 | Lair:1   | Entered Level 1 of the Lair of Beasts
  5884 | Lair:1   | Reached XP level 10. HP: 71/92 MP: 11/11
  5892 | Lair:1   | Received a gift from Yredelemnul (5 flying skulls)
  6032 | Lair:1   | Reached skill level 12 in Unarmed Combat
  6070 | Lair:1   | Noticed a spiny frog
  6078 | Lair:1   | Killed a spiny frog
  6158 | Lair:1   | Noticed a spiny frog
  6169 | Lair:1   | Killed a spiny frog
  6341 | Lair:1   | Noticed a spiny frog
  6350 | Lair:1   | Killed a spiny frog
  6479 | Lair:1   | Received a gift from Yredelemnul (a mummy)
  6724 | D:9      | Noticed an unseen horror
  6741 | D:9      | Killed an unseen horror
  6900 | D:9      | Reached **** piety under Yredelemnul
  6971 | D:9      | Reached XP level 11. HP: 99/101 MP: 11/13
  7008 | D:9      | Received a gift from Yredelemnul (a wight)
  7603 | D:10     | Entered Level 10 of the Dungeon
  7774 | D:10     | Received a gift from Yredelemnul (a wight)
  7828 | D:10     | Noticed a two-headed ogre
  7835 | D:10     | Killed a two-headed ogre
  7835 | D:10     | Reached skill level 13 in Unarmed Combat
  8111 | D:10     | Noticed Harold
  8119 | D:10     | Killed Harold
  8298 | D:10     | Received a gift from Yredelemnul (a vampire)
  8319 | D:10     | Found a staircase to the Orcish Mines.
  8609 | Orc:1    | Entered Level 1 of the Orcish Mines
  8710 | Orc:2    | Entered Level 2 of the Orcish Mines
  8715 | Orc:2    | Found a staircase to the Elven Halls.
  8760 | Orc:2    | Noticed an orc sorcerer
  8762 | Orc:2    | Paralysed by an orc sorcerer for 6 turns
  8764 | Orc:2    | Noticed a sixfirhy
  8774 | Orc:2    | Noticed a soul eater
  8774 | Orc:2    | HP: 1/101 [sixfirhy[an orc sorcerer] (10)]
  8774 | Orc:2    | Killed an orc sorcerer
  8984 | Orc:2    | Noticed an orc sorcerer
  8992 | Orc:2    | Killed an orc sorcerer
  8998 | Orc:2    | Noticed a two-headed ogre
  8999 | Orc:2    | Noticed a two-headed ogre
  9003 | Orc:2    | Noticed an ogre mage
  9003 | Orc:2    | Noticed a deep troll
  9004 | Orc:2    | Noticed a two-headed ogre
  9004 | Orc:2    | Noticed a two-headed ogre
  9007 | Orc:2    | Reached skill level 5 in Invocations
  9010 | Orc:2    | Killed a two-headed ogre
  9029 | Orc:1    | Found a burning altar of Makhleb.
  9037 | Orc:1    | Killed a two-headed ogre
  9201 | Orc:1    | Received a gift from Yredelemnul (2 flying skulls)
  9287 | Orc:2    | Killed a deep troll
  9287 | Orc:2    | Reached skill level 5 in Fighting
  9299 | Orc:2    | Killed an ogre mage
  9302 | Orc:2    | Killed a two-headed ogre
  9304 | Orc:2    | Killed a two-headed ogre
  9304 | Orc:2    | Reached skill level 14 in Unarmed Combat
  9304 | Orc:2    | Reached XP level 12. HP: 50/111 MP: 8/15
  9330 | Orc:2    | Reached ***** piety under Yredelemnul
  9400 | Orc:2    | Noticed a two-headed ogre
  9410 | Orc:2    | Killed a two-headed ogre
  9463 | Orc:2    | Found Meafexzu's Book Emporium.
  9464 | Orc:2    | Noticed an ogre mage
  9464 | Orc:2    | Noticed a two-headed ogre
  9469 | Orc:2    | Found Huypnyen's Assorted Antiques.
  9469 | Orc:2    | Killed a two-headed ogre
  9473 | Orc:2    | Found Irutia Hedd's Jewellery Emporium.
  9474 | Orc:2    | Found Loynebowk's Antique Armour Shop.
  9474 | Orc:2    | Noticed a two-headed ogre
  9477 | Orc:2    | Killed an ogre mage
  9484 | Orc:2    | Noticed an ettin
  9485 | Orc:2    | Killed a two-headed ogre
  9493 | Orc:2    | Reached skill level 1 in Armour
  9493 | Orc:2    | Killed an ettin
  9530 | Orc:1    | HP: 3/111 [troll (6)]
  9532 | Orc:1    | Received a gift from Yredelemnul (a phantasmal warrior)
 10145 | Elf:1    | Entered Level 1 of the Elven Halls
 10196 | Orc:1    | Noticed an orc high priest
 10201 | Orc:1    | Received a gift from Yredelemnul (a wight)
 10218 | Orc:1    | Killed an orc high priest
 10502 | D:11     | Noticed a centaur warrior
 10526 | D:11     | Received a gift from Yredelemnul (5 flying skulls)
 10532 | D:11     | Reached skill level 15 in Unarmed Combat
 10533 | D:11     | HP: 4/111 [flying skull[the player character] (6)]
 10533 | D:11     | Shot with an arrow by a centaur warrior

Levels and vault maps discovered:
D:1:      minmay_arrival_up_and_down, layout_basic
D:2:      layout_rooms
D:3:      layout_rooms, minmay_misc_feat_tiny, grunt_ministairs_4,
          chequers_serial_rivers_small_3
D:4:      layout_loops_ring, serial_undead, serial_undead_a, serial_undead_d,
          serial_undead_c, serial_undead_a, serial_undead_b, serial_undead_e,
          uniq_eustachio
D:5:      layout_basic, minmay_temple_entry_slanted, first_ration, uniq_edmund
D:6:      layout_loops_corners, serial_bayou_pond_e
D:7:      cheibrodos_wizards_tower, layout_basic, the_bakery,
          kennysheep_generic_room_9
D:8:      layout_loops_ring, slow_altar_1, lair_entry_dummy, serial_shops,
          kennysheep_mini, elyvilon_altar_4
D:9:      layout_grid_maze
D:10:     layout_stronghold, hiddenorc1_lemuel, grunt_decor_mini_mirrors,
          uniq_harold
D:11:     layout_rooms, basic_altar, serial_shops, shop,
          ebering_dispersal_statue_hall
Temple:   dpeg_three_leaves_temple
Lair:1:   layout_cave_pods
Orc:1:    layout_diamond_mine, basic_altar
Orc:2:    st_orc_open, layout_caves
Elf:1:    minmay_elf_arrival_summoners, layout_onion_city, serial_shops,
          nicolae_shop_behind_doors

Skill      XL: |  1  2  3  4  5  6  7  8  9 10 11 12 |
---------------+-------------------------------------+-----
Dodging        | 3 4 5 6 7 |  7.9
Unarmed Combat | 4 5 6 7 9 11 12 14 15 | 15.0
Fighting       | 3 4 5 |  5.4
Stealth        | 2 3 4 |  4.5
Invocations    | 2 4 5 7 |  7.1
Armour         | 2 |  2.5
Evocations     | |  0.2

Action                   |  1- 3 |  4- 6 |  7- 9 | 10-12 || total
-------------------------+-------+-------+-------+-------++-------
Melee: Unarmed           |    95 |   124 |   297 |   323 ||   839
       Punch             |     3 |     2 |    15 |    22 ||    42
Invok: Animate Remains   |       |       |    16 |       ||    16
       Animate Dead      |       |       |     4 |    42 ||    46
       Recall Undead Sla |       |       |       |     5 ||     5
       Stop Recall       |       |       |       |     2 ||     2
       Drain Life        |       |       |       |     3 ||     3
Evoke: Wand              |       |       |     1 |     1 ||     2
       Sack of spiders   |       |       |       |     1 ||     1
  Use: Potion            |       |     1 |     1 |     6 ||     8
       Scroll            |       |       |       |     7 ||     7
 Stab: Sleeping          |     4 |     1 |       |     9 ||    14
       Distracted        |     1 |       |     1 |     5 ||     7
       Invisible         |       |     1 |       |     2 ||     3
  Eat: Chunk             |    17 |     6 |    41 |    52 ||   116
Armor: Robe              |    37 |    45 |    54 |    31 ||   167
       Troll leather arm |       |       |       |    26 ||    26
Dodge: Dodged            |    47 |    90 |   135 |   209 ||   481
       Deflected         |       |       |     1 |     4 ||     5
Block: Other             |       |       |    50 |    47 ||    97
       Reflection        |       |       |     3 |     1 ||     4
